 Dungeon Crawl Stone Soup version 0.19.0-2-gae57169 (webtiles) character file.

1622 emikaela the Fighter (level 8, 0/77 (78) HPs)
             Began as a Hill Orc Wizard on Nov 7, 2016.
             Was a Priest of Okawaru.
             Slain by an orc warrior
             ... wielding a +0 mace
              (8 damage)
             ... on level 6 of the Dungeon.
             The game lasted 00:36:39 (9642 turns).

emikaela the Fighter (Hill Orc Wizard)              Turns: 9642, Time: 00:36:40

HP:   0/77 (78)     AC:  7    Str: 13    XL:     8   Next: 96%
MP:   9/11          EV: 14    Int: 18    God:    Okawaru [***...]
Gold: 254           SH:  0    Dex:  5    Spells: 5 memorised, 1 level left

rFire  . . .     SeeInvis .     a - +9 staff of Wucad Mu {channel}
rCold  . . .     Gourm    .     E - +3 robe of the Maze {rPois Str+2 Dex-5}
rNeg   . . .     Faith    +     (no shield)
rPois  +         Spirit   .     y - +1 helmet
rElec  .         Reflect  .     (no cloak)
rCorr  .         Harm     .     (no gloves)
MR     .....                    (no boots)
Stlth  +++.......               C - amulet of faith
                                (no ring)
                                A - ring of flight

@: about to teleport, heroism
A: no striking features
a: Heroism, Renounce Religion, Evoke Flight


You were on level 6 of the Dungeon.
You worshipped Okawaru.
Okawaru was most pleased with you.
You were not hungry.

You visited 1 branch of the dungeon, and saw 6 of its levels.

You collected 306 gold pieces.
You spent 52 gold pieces at shops.

Inventory:

Hand Weapons
 a - the +9 staff of Wucad Mu (weapon) {channel}
   (You took it off an orc on level 3 of the Dungeon)
 b - a +1 blowgun
 f - a +0 shortbow
 H - the cursed +2 whip of the Two Names {slash, Str+3, unknown}
   (You found it on level 5 of the Dungeon)

   It inflicts extra damage upon your enemies.
   It affects your strength (+3).
   It has a curse placed upon it.
Missiles
 h - 111 arrows
 n - 50 bolts
 p - 174 stones (quivered)
 r - 34 sling bullets
 z - a poisoned needle
Armour
 j - a +3 ring mail
 l - the cursed +0 ring mail of Divine Compulsion {Str+4, unknown}
   (You found it on level 5 of the Dungeon)

   It affects your strength (+4).
   It has a curse placed upon it.
 s - a +1 ring mail of magic resistance
 y - a +1 helmet (worn)
 E - the +3 robe of the Maze (worn) {rPois Str+2 Dex-5}
   (You took it off an orc on level 5 of the Dungeon)

   It affects your strength (+2).
   It affects your dexterity (-5).
   It protects you from poison.
 K - the +6 leather armour "Risaown" {rElec rC+, unknown}
   (You found it on level 6 of the Dungeon)

   It protects you from cold.
   It insulates you from electricity.
Jewellery
 A - a ring of flight (left hand)
 C - an amulet of faith (around neck)
Scrolls
 e - a scroll of teleportation
 g - 2 scrolls of remove curse
 i - 3 scrolls of fog
 k - 2 scrolls of noise {unknown}
 o - a scroll of fear {unknown}
 q - a scroll of enchant weapon
 u - 3 scrolls of magic mapping
 x - a scroll of recharging {unknown}
Potions
 m - a potion of cancellation
 t - a potion of ambrosia {unknown}
 v - a potion of agility
 G - a potion of flight
 I - a potion of might {unknown}
Books
 c - a book of Minor Magic
 w - a book of Air
Comestibles
 d - 8 bread rations
 B - 5 meat rations
 D - 2 fruits


   Skills:
 + Level 9.2(14.2) Fighting
 + Level 5.1(10.1) Dodging
 - Level 1.5(6.5) Stealth
 - Level 2.4 Spellcasting
 - Level 4.0 Conjurations
 - Level 1.0 Summonings
 - Level 0.7 Translocations
 - Level 2.1 Fire Magic
 - Level 2.2 Invocations


You had one spell level left.
You knew the following spells:

 Your Spells              Type           Power        Failure   Level  Hunger
a - Magic Dart            Conj           ###.         3%          1    #......
b - Blink                 Tloc           N/A          21%         2    ##.....
c - Call Imp              Summ           #.......     17%         2    ##.....
f - Conjure Flame         Conj/Fire      ##......     17%         3    ###....
m - Repel Missiles        Chrm/Air       #.....       28%         2    ##.....


Dungeon Overview and Level Annotations

Branches:
Dungeon (6/15)             Temple (0/1) D:4

Altars:
Dithmenos
Gozag
Hepliaklqana
Okawaru
Ru
Sif Muna
Trog
Vehumet
Xom
The Shining One

Shops:
D:5 *   D:6 *


Message History

The orc warrior is moderately wounded.
The orc wizard gestures wildly while chanting.
The orc wizard blinks!
The orc warrior hits you with a mace!!
You hit the orc warrior.
The orc warrior is moderately wounded.
The orc warrior hits you with a mace!
You are too injured to fight recklessly!
You hit the orc warrior but do no damage.
The orc warrior is moderately wounded.
You hit the orc warrior but do no damage.
The orc warrior is moderately wounded.
The orc warrior closely misses you.
You closely miss the orc warrior.
The orc warrior is moderately wounded.
The orc warrior hits you with a mace!!
* * * LOW HITPOINT WARNING * * *
Your magical contamination has completely faded away.
As you read the scroll of teleportation, it crumbles to dust.
You feel strangely unstable. The orc warrior hits you with a mace!
You die...

.....# #..§§...##.#)........
....## #..§#......#<[.......
....# ####.....###.........
.....########.###[.###########
..>..#.......o# ##.##
..............####[.####
....#########.##.......# ...#
#.##......<# #### #.##@......#
#..o.......# ####.......#
#.......# #.......# #.......#
#########


You could see an orc warrior.

Vanquished Creatures
  2 phantoms
  A necrophage (D:6)
  2 ogres (D:4)
  2 centaurs (D:6)
  3 bullfrogs
  A scorpion (D:4)
  A howler monkey (D:6)
  A crimson imp (D:6)
  2 jellies (D:6)
  2 bullfrog skeletons
  2 orc priests
  7 orc wizards
  An iguana (D:3)
  3 worker ants
  A hound zombie (D:5)
  A howler monkey skeleton (D:4)
  3 gnolls (D:4)
  6 adders
  A shadow imp (D:6)
  An ooze (D:3)
  3 adder skeletons
  3 worms (D:2)
  2 dart slugs
  32 orcs
  7 bats
  9 giant cockroaches
  5 goblins
  10 hobgoblins
  7 jackals
  A quokka (D:3)
  3 frilled lizards
  5 kobolds
  A quokka zombie (D:6)
  9 rats
140 creatures vanquished.

Vanquished Creatures (others)
  An orc priest (D:4)
  A worker ant (D:4)
  3 orcs (D:4)
  A ball python (D:4)
6 creatures vanquished.

Grand Total: 146 creatures vanquished

Notes
Turn   | Place    | Note
-------+----------+-------------------------------------------
     0 | D:1      | emikaela the Hill Orc Wizard began the quest for the Orb.
     0 | D:1      | Reached XP level 1. HP: 14/14 MP: 3/3
   369 | D:1      | Reached XP level 2. HP: 20/20 MP: 0/5
   391 | D:1      | Learned a level 2 spell: Blink
   394 | D:1      | Learned a level 2 spell: Call Imp
  1096 | D:1      | Reached XP level 3. HP: 26/26 MP: 1/6
  2125 | D:2      | Found an opulent altar of Gozag.
  2128 | D:2      | Found an iron altar of Okawaru.
  2140 | D:2      | Became a worshipper of Warmaster Okawaru
  2156 | D:2      | Reached XP level 4. HP: 28/33 MP: 0/7
  2317 | D:2      | Learned a level 2 spell: Repel Missiles
  2650 | D:2      | Found a hazy altar of Hepliaklqana.
  2692 | D:2      | Reached skill level 1 in Fighting
  3385 | D:3      | Found a radiant altar of Vehumet.
  3420 | D:3      | Reached skill level 2 in Fighting
  3648 | D:3      | Found a bloodstained altar of Trog.
  3856 | D:3      | Found a glowing golden altar of the Shining One.
  3984 | D:3      | Reached skill level 3 in Fighting
  3984 | D:3      | Reached XP level 5. HP: 15/45 MP: 0/8
  4247 | D:4      | Reached skill level 4 in Fighting
  4364 | D:3      | HP: 2/46 [orc/flail (11)]
  4379 | D:3      | HP: 1/46 [orc/flail (7)]
  4779 | D:4      | Found a deep blue altar of Sif Muna.
  4797 | D:4      | Noticed an ogre
  4886 | D:4      | Killed an ogre
  4886 | D:4      | Reached * piety under Okawaru
  4886 | D:4      | Reached skill level 5 in Fighting
  4886 | D:4      | Reached XP level 6. HP: 50/56 MP: 1/9
  4999 | D:4      | Reached skill level 6 in Fighting
  5759 | D:3      | Reached XP level 7. HP: 64/64 MP: 5/10
  6082 | D:4      | Found a faded altar of an unknown god.
  6082 | D:4      | Found a faded altar of an unknown god.
  6178 | D:4      | Found a faded altar of an unknown god.
  6180 | D:4      | Found a sacrificial altar of Ru.
  6181 | D:4      | Found a faded altar of an unknown god.
  6454 | D:4      | Found a staircase to the Ecumenical Temple.
  6523 | D:4      | Reached skill level 7 in Fighting
  6710 | D:4      | Found a shimmering altar of Xom.
  6822 | D:4      | Learned a level 3 spell: Conjure Flame
  6850 | D:5      | Entered Level 5 of the Dungeon
  6875 | D:5      | Reached skill level 1 in Fire Magic
  7373 | D:5      | Reached ** piety under Okawaru
  7611 | D:5      | Got a scorched ring mail
  7638 | D:5      | Got a pitted whip
  7649 | D:5      | Reached XP level 8. HP: 71/73 MP: 11/11
  7873 | D:5      | Got a wizard robe
  7894 | D:5      | Identified the +3 robe of the Maze {rPois Str+2 Dex-5} (You took it off an orc on level 5 of the Dungeon)
  7901 | D:5      | Found Melenot's General Store.
  7907 | D:5      | Bought a scroll of magic mapping for 52 gold pieces
  8184 | D:6      | Found a shadowy altar of Dithmenos.
  8192 | D:6      | Reached skill level 1 in Invocations
  8194 | D:6      | Got a pitted leather armour
  8410 | D:6      | Reached skill level 8 in Fighting
  8926 | D:6      | Found Veif's Assorted Antiques.
  8932 | D:6      | Reached *** piety under Okawaru
  9091 | D:6      | Reached skill level 9 in Fighting
  9230 | D:6      | Reached skill level 5 in Dodging
  9642 | D:6      | Slain by an orc warrior

Skill      XL: |  1  2  3  4  5  6  7  8 |
---------------+-------------------------+-----
Conjurations   | 2 3 4 |  4.0
Fighting       | 3 5 6 7 9 |  9.2
Dodging        | 3 5 |  5.1
Fire Magic     | 2 |  2.1
Invocations    | 2 |  2.2
Stealth        | |  1.5
Spellcasting   | |  2.4
Summonings     | |  1.0
Translocations | |  0.7

Action                   |  1- 3 |  4- 6 |  7- 9 || total
-------------------------+-------+-------+-------++-------
Melee: Dagger            |    29 |    97 |     2 ||   128
       Staff             |       |       |   145 ||   145
 Fire: Blowgun           |       |    20 |     3 ||    23
Throw: Stone             |       |     1 |       ||     1
 Cast: Magic Dart        |    84 |   181 |   175 ||   440
       Repel Missiles    |       |     1 |     1 ||     2
Invok: Heroism           |       |       |     2 ||     2
Evoke: Staff of Wucad Mu |       |       |     1 ||     1
  Use: Scroll            |       |     9 |     5 ||    14
       Potion            |       |     3 |     1 ||     4
 Stab: Sleeping          |     2 |     1 |       ||     3
  Eat: Chunk             |     4 |    13 |    13 ||    30
Armor: Robe              |    12 |    19 |    33 ||    64
       Skin              |       |    67 |       ||    67
Dodge: Dodged            |    31 |   112 |    93 ||   236
       Deflected         |       |       |     2 ||     2
